 Dungeon Crawl Stone Soup version 0.29.1-12-g30fa7ad0bf (webtiles) character file.

Game seed: 10802032190040118337

1661 Oxelix the Cleaver (level 9, -2/77 HPs)
             Began as a Hill Orc Cinder Acolyte on Jan 4, 2023.
             Was an Initiate of Beogh.
             Slain by an ogre
             ... wielding a +0 giant club
              (8 damage)
             ... on level 5 of the Dungeon.
             The game lasted 00:15:36 (6007 turns).

Oxelix the Cleaver (Hill Orc Cinder Acolyte)        Turns: 6007, Time: 00:15:36

Health: -2/77      AC:  5    Str: 19    XL:     9   Next: 0%
Magic:  4/10       EV: 10    Int: 16    God:    Beogh [......]
Gold:   171        SH:  0    Dex:  6    Spells: 8/10 levels left

rFire   . . .      SeeInvis .   a - -1 hand axe (flame)
rCold   + . .      Faith    .   (no shield)
rNeg    . . .      Spirit   .   f - +0 ring mail
rPois   .          Reflect  .   (helmet restricted)
rElec   .          Harm     .   (no cloak)
rCorr   .          Rampage  .   (no gloves)
Will    .....                   (no boots)
Stlth   ..........              (no amulet)
HPRegen 0.22/turn               j - ring of protection from cold
MPRegen 0.12/turn               (no ring)

@: fire susceptible
A: horns 1
a: Renounce Religion


You were on level 5 of the Dungeon.
You worshipped Beogh.
Beogh was noncommittal.
You visited 1 branch of the dungeon, and saw 5 of its levels.
You also visited: Sewer.

You collected 171 gold pieces.

Inventory:

Hand Weapons
 a - a -1 hand axe of flaming (weapon)
Armour
 b - a +0 robe
 f - a +0 ring mail (worn)
Jewellery
 j - a ring of protection from cold (left hand)
Wands
 r - a wand of quicksilver (9)
Scrolls
 e - 2 scrolls of vulnerability {unknown}
 g - 2 scrolls of teleportation {unknown}
 i - 2 scrolls of identify {unknown}
 q - a scroll of brand weapon {unknown}
 s - a scroll of noise {unknown}
 t - a scroll of acquirement {unknown}
 u - a scroll of poison {unknown}
Potions
 c - a potion of berserk rage {unknown}
 d - a potion of mutation
 h - 4 potions of brilliance
 k - 2 potions of lignification {unknown}
 l - a potion of heal wounds {unknown}
 m - 2 potions of cancellation {unknown}
 n - 4 potions of invisibility {unknown}
 o - a potion of resistance {unknown}
 p - 2 potions of curing {unknown}


   Skills:
 + Level 6.3 Fighting
 * Level 12.3 Axes
 - Level 1.0 Armour
 - Level 1.1 Spellcasting
 - Level 6.0 Fire Magic


You had 8 spell levels left.
You knew the following spells:

 Your Spells              Type           Power      Damage    Failure   Level
a - Scorch                Fire           40%        2d7       4%          2

Your spell library contained the following spells:

 Spells                   Type           Power      Damage    Failure   Level
 Blink                    Tloc           0%         N/A       52%         2
 Gell's Gravitas          Tloc           0%         N/A       75%         3
 Lesser Beckoning         Tloc           0%         N/A       75%         3
 Teleport Other           Tloc           0%         N/A       75%         3
 Animate Armour           Summ/Erth      0%         N/A       98%         4
 Blade Hands              Tmut           0%         N/A       100%        5
 Manifold Assault         Tloc           0%         N/A       100%        5
 Dispersal                Tloc           0%         N/A       100%        6
 Iron Shot                Conj/Erth      0%         9d1       100%        6


Dungeon Overview and Level Annotations

Branches:
Dungeon (5/15)              Sewer (visited)
 Temple: D:4-7

Altars:
Cheibriados
Dithmenos

Shops:
D:4 ([=?

Annotations:
D:4 3 runed translucent doors, SonOfSpiff's ghost, amateur HOMo


Innate Abilities, Weirdness & Mutations

You have a pair of small horns on your head.


Message History

You see here a +0 scale mail.
You hit the ogre. You burn the ogre.
The ogre is lightly wounded.
You hit something. You burn something. Something hits you but does no damage.
The ogre hits you with a +0 giant club!!
You hit the ogre. You burn the ogre.
The ogre is moderately wounded.
You barely miss something. Something hits you.
Casting: Scorch (safe; 5% risk of failure)
Confirm with . or Enter, or press ? or * to list all spells.
Flames lash the ogre.
The ogre is heavily wounded.
The ogre's fire resistance burns away.
Something hits you.
The ogre hits you with a +0 giant club!!
* * * LOW HITPOINT WARNING * * *
You slash something! You burn something. Your headbutt misses something.
You closely miss something. Something hits you.
* * * LOW HITPOINT WARNING * * *
You hit something but do no damage.
The ogre is no longer more vulnerable to fire.
Something hits you.
* * * LOW HITPOINT WARNING * * *
Okay, then.
Okay, then.
You hit something. You burn something. Beogh accepts your kill.
Reactivating autopickup.
You feel a bit more experienced.
You have reached level 9!
Your experience leads to an increase in your attributes!
Increase (S)trength, (I)ntelligence, or (D)exterity?
Uppercase letters only, please.
You feel stronger. x2
Casting: Scorch (safe; 4% risk of failure)
Confirm with . or Enter, or press ? or * to list all spells.
Flames lash the ogre.
The ogre is almost dead.
The ogre's fire resistance burns away.
The ogre closely misses you. The ogre attacks as you move away!
The ogre hits you with a +0 giant club!
You die...

#.# #.# #.#
####.## #(.....
##################
#.......^.........
#.################
#@# #O########
#)[......#
#........#
..........#
$...........#
...............
.###...........
#...........


You could see an ogre (combustible).

Vanquished Creatures
  Pikel (D:4)
  Grinder (D:3)
  Duvessa (D:4)
  4 lemures (D:4)
  5 kobold brigands (Sewer)
  A scorpion (D:4)
  Dowan (D:4)
  2 hounds
  An iron imp (D:4)
  3 orc wizards
  Terence (D:3)
  Natasha (thrice) (D:4)
  Robin (D:4)
  2 adders
  2 river rats (D:3)
  A worm (D:2)
  3 dart slugs
  5 orcs
  7 endoplasms
  4 giant cockroaches
  17 goblins
  3 hobgoblins
  9 kobolds
  2 quokkas
  10 ball pythons
  5 bats
  4 frilled lizards
  9 rats
108 creatures vanquished.

Vanquished Creatures (collateral kills)
  A foxfire (Sewer)
1 creature vanquished.

Vanquished Creatures (others)
  69 foxfires
  9 fungi
  3 plants (Sewer)
81 creatures vanquished.

Grand Total: 190 creatures vanquished

Notes
Turn   | Place    | Note
-------+----------+-------------------------------------------
     0 | D:1      | Oxelix the Hill Orc Cinder Acolyte began the quest for the
                  | Orb.
     0 | D:1      | Reached XP level 1. HP: 19/19 MP: 2/2
   282 | D:1      | Reached XP level 2. HP: 8/26 MP: 3/3
  1078 | D:1      | Learned a level 2 spell: Scorch
  1201 | D:1      | Reached skill level 5 in Axes
  1502 | D:1      | Reached XP level 3. HP: 26/31 MP: 4/4
  1663 | D:2      | Reached skill level 1 in Armour
  2483 | D:3      | Found a faded altar of an unknown god.
  2622 | D:3      | Found a glowing drain.
  2629 | D:3      | Reached XP level 4. HP: 25/39 MP: 5/5
  2744 | Sewer    | Entered a sewer
  2894 | Sewer    | Noticed a kobold brigand
  2899 | Sewer    | Killed a kobold brigand
  2900 | Sewer    | Reached skill level 6 in Axes
  2900 | Sewer    | Reached XP level 5. HP: 27/45 MP: 1/6
  3127 | Sewer    | Noticed a kobold brigand
  3127 | Sewer    | Noticed a kobold brigand
  3131 | Sewer    | Killed a kobold brigand
  3132 | Sewer    | Reached skill level 7 in Axes
  3132 | Sewer    | Reached XP level 6. HP: 47/51 MP: 7/7
  3143 | Sewer    | Reached skill level 5 in Fire Magic
  3270 | Sewer    | Reached skill level 8 in Axes
  3378 | Sewer    | Reached XP level 7. HP: 49/57 MP: 8/8
  3493 | D:3      | Noticed Grinder
  3513 | D:3      | Killed Grinder
  3514 | D:3      | Reached skill level 9 in Axes
  3601 | D:3      | Noticed Terence
  3612 | D:3      | Killed Terence
  3978 | D:4      | Found Foan's Weapon Emporium.
  4028 | D:4      | Noticed Natasha
  4031 | D:4      | Killed Natasha
  4088 | D:4      | Found a snail-covered altar of Cheibriados.
  4153 | D:4      | Noticed Natasha
  4163 | D:4      | Killed Natasha
  4363 | D:4      | Noticed Pikel
  4376 | D:4      | Gained mutation: Your magical capacity is low. (-10% MP)
                  | [potion of mutation]
  4376 | D:4      | Gained mutation: You have a pair of small horns on your
                  | head. [potion of mutation]
  4376 | D:4      | Lost mutation: Your magical capacity is low. (-10% MP)
                  | [potion of mutation]
  4379 | D:4      | Killed Pikel
  4380 | D:4      | Reached skill level 5 in Fighting
  4380 | D:4      | Reached skill level 11 in Axes
  4380 | D:4      | Reached XP level 8. HP: 13/69 MP: 7/9
  4689 | D:4      | Found Vamedy's Jewellery Shoppe.
  4708 | D:4      | Noticed Natasha
  4713 | D:4      | Noticed Duvessa
  4714 | D:4      | Killed Natasha
  4726 | D:4      | Noticed Dowan
  4734 | D:4      | Killed Dowan
  4735 | D:4      | Killed Duvessa
  4987 | D:4      | Found a runed translucent gate.
  4987 | D:4      | Found a runed translucent gate.
  4987 | D:4      | Found a runed translucent gate.
  5020 | D:4      | Found Cukhonos's Magic Scroll Shoppe.
  5080 | D:4      | Noticed Robin
  5083 | D:4      | Noticed SonOfSpiff's ghost (amateur HOMo)
  5091 | D:4      | Killed Robin
  5376 | D:4      | Fell from the grace of Ignis
  5376 | D:4      | Became a worshipper of Beogh the Brigand
  5378 | D:4      | Found a shadowy altar of Dithmenos.
  5494 | D:4      | Found Qutommel's Armour Boutique.
  5739 | D:4      | Reached skill level 12 in Axes
  5875 | D:5      | Entered Level 5 of the Dungeon
  6006 | D:5      | Reached XP level 9. HP: 6/77 MP: 6/10
  6007 | D:5      | Slain by an ogre

Illustrated notes

Levels and vault maps discovered:
D:1:      onia_arrival_pentagram, layout_basic
D:2:      layout_rooms, minmay_statues_item
D:3:      layout_loops_cross, portal_sewer_entry_e,
          dreamdust_ecumenical_altar_angels_and_demons, uniq_grinder,
          uniq_terence
D:4:      layout_cave_pods, slow_altar_2, mainiacjoe_overflow_alcove_4,
          gammafunk_ghost_icy, serial_shops, nicolae_shop_behind_doors,
          nicolae_shop_advertising_works [nicolae_subvault_shop_adworks],
          nicolae_diamond_shop, shop, uniq_duvessa, uniq_menkaure, uniq_pikel,
          uniq_natasha, uniq_robin
D:5:      layout_basic, minmay_gold_behind_fungi

Skill      XL: |  1  2  3  4  5  6  7  8 |
---------------+-------------------------+-----
Axes           | 5 6 7 8 11 12 | 12.3
Armour         | 1 |  1.0
Fire Magic     | 4 5 6 |  6.0
Fighting       | 5 6 |  6.3
Spellcasting   | |  1.1

Action                   |  1- 3 |  4- 6 |  7- 9 || total
-------------------------+-------+-------+-------++-------
Melee: Hand axe          |   163 |    68 |   136 ||   367
       Punch             |     1 |       |     3 ||     4
       Headbutt          |       |       |    15 ||    15
 Cast: Scorch            |     2 |     2 |    10 ||    14
Invok: Foxfire Swarm     |       |     2 |     3 ||     5
       Fiery Armour      |       |     2 |     4 ||     6
       Convert to Beogh  |       |       |     1 ||     1
  Use: Potion            |       |       |     1 ||     1
Armor: Robe              |    14 |       |       ||    14
       Ring mail         |    37 |    40 |    42 ||   119
Dodge: Dodged            |    87 |    29 |    63 ||   179
